 Dungeon Crawl Stone Soup version 0.23.0 (webtiles) character file.

Game seed: 11827322786017027987

105 xccam the Cudgeler (level 4, 0/39 HPs)
             Began as a Minotaur Berserker on Feb 15, 2019.
             Was a Believer of Trog.
             Slain by an orc
             ... wielding a +0 club
              (1 damage)
             ... on level 3 of the Dungeon.
             The game lasted 00:02:49 (1909 turns).

xccam the Cudgeler (Minotaur Berserker)             Turns: 1909, Time: 00:02:50

Health: 0/39       AC:  7    Str: 28    XL:     4   Next: 54%
Magic:  3/3        EV: 11    Int:  4    God:    Trog [**....]
Gold:   76         SH:  0    Dex:  9    Spells: 3/3 levels left

rFire    . . .     SeeInvis .   a - +0 mace
rCold    . . .     Gourm    .   (no shield)
rNeg     . . .     Faith    .   n - +0 scale mail
rPois    .         Spirit   .   (helmet restricted)
rElec    .         Reflect  .   (no cloak)
rCorr    .         Harm     .   j - +0 pair of gloves
MR       +....                  (no boots)
Stlth    ..........             (no amulet)
HPRegen  0.13/turn              e - ring of protection from magic
MPRegen  0.08/turn              s - ring of flight

@: mighty, berserk cooldown
A: retaliatory headbutt, horns 2
a: Berserk, Trog's Hand, Renounce Religion, Evoke Flight


You were on level 3 of the Dungeon.
You worshipped Trog.
Trog was pleased with you.
You were not hungry.

You visited 1 branch of the dungeon, and saw 3 of its levels.

You collected 76 gold pieces.

Inventory:

Hand Weapons
 a - a +0 mace (weapon)
Armour
 j - a +0 pair of gloves (worn)
 n - a +0 scale mail (worn)
Jewellery
 e - a ring of protection from magic (left hand)
 s - a ring of flight (right hand)
Scrolls
 b - a scroll of amnesia {unknown}
 f - 5 scrolls of identify {unknown}
 g - a scroll of magic mapping {unknown}
 h - a scroll of enchant weapon {unknown}
 l - 2 scrolls of teleportation {unknown}
 m - a scroll of enchant armour {unknown}
 o - a scroll of noise {unknown}
 q - a scroll of random uselessness {unknown}
Comestibles
 c - 2 rations
 i - 2 chunks of flesh


   Skills:
 - Level 3.6 Fighting
 + Level 6.5 Maces & Flails
 - Level 2.4 Armour
 - Level 2.1 Dodging


You had 3 spell levels left.
You didn't know any spells.
Your spell library was empty.

Dungeon Overview and Level Annotations

Branches:
Dungeon (3/15)

Altars:

Annotations:
D:3 2 transporters, MenacingMecha's ghost, amateur MfGl


Innate Abilities, Weirdness & Mutations

You reflexively headbutt those who attack you in melee.
You have a pair of horns on your head.


Message History

The orc hits you but does no damage. x2
The orc priest calls upon Beogh to heal the orc.
The orc's wounds heal themselves!
The orc hits you but does no damage.
It was a potion of cancellation.
Your magical effects are unravelling.
You feel magically purged.
You feel less wooden.
Your +0 pair of gloves unmelds from your body.
Your +0 scale mail unmelds from your body.
You feel yourself speed up.
Your resistance to elements expires.
The orc hits you but does no damage.
The orc priest hits you but does no damage.
The orc hits you with a +0 club.
* * * LOW HITPOINT WARNING * * *
The orc hits you but does no damage.
It was a potion of might.
You feel very mighty all of a sudden.
The orc priest calls down the wrath of Beogh upon you.
You resist with some effort. The orc hits you with a +0 club.
You die...

'. #. .## ..#
#######.#
........## .
......o.o# ..
......o@.####...
########.#.....#
############...#
#..............#
#..............#
#............#.#
#............#..#
#.................
#..................


You could see an orc priest and 2 orcs.

Vanquished Creatures
  An orc priest (D:3)
  2 adders (D:2)
  A worm (D:2)
  A dart slug (D:2)
  A leopard gecko (D:1)
  An orc (D:3)
  2 ball pythons
  6 bats
  3 giant cockroaches
  2 goblins (D:1)
  4 hobgoblins (D:1)
  8 jackals
  3 quokkas (D:2)
  A frilled lizard (D:1)
  6 kobolds
  5 rats
47 creatures vanquished.

Notes
Turn   | Place    | Note
-------+----------+-------------------------------------------
     0 | D:1      | xccam the Minotaur Berserker began the quest for the Orb.
     0 | D:1      | Reached XP level 1. HP: 19/19 MP: 0/0
    63 | D:1      | Reached skill level 4 in Maces & Flails
   159 | D:1      | Reached XP level 2. HP: 18/26 MP: 1/1
   650 | D:1      | Reached skill level 5 in Maces & Flails
   832 | D:1      | Reached XP level 3. HP: 31/31 MP: 2/2
  1358 | D:2      | Reached ** piety under Trog
  1670 | D:2      | Reached skill level 6 in Maces & Flails
  1670 | D:2      | Reached XP level 4. HP: 39/39 MP: 3/3
  1855 | D:3      | Found a transporter.
  1861 | D:3      | Noticed MenacingMecha's ghost (amateur MfGl)
  1864 | D:3      | Found a transporter.
  1908 | D:3      | HP: 1/39 [orc/+0 club (2)]
  1909 | D:3      | Slain by an orc

Skill      XL: |  1  2  3 |
---------------+----------+-----
Maces & Flails | 4 5 6 |  6.5
Fighting       | |  3.6
Armour         | |  2.4
Dodging        | |  2.1

Action                   |  1- 3 |  4- 6 || total
-------------------------+-------+-------++-------
Melee: Mace              |    84 |    14 ||    98
       Headbutt          |    10 |     1 ||    11
Invok: Berserk           |       |     1 ||     1
  Use: Potion            |       |     4 ||     4
  Eat: Chunk             |     2 |     2 ||     4
Armor: Animal skin       |     7 |       ||     7
       Ring mail         |    14 |       ||    14
       Scale mail        |     3 |    20 ||    23
       Skin              |       |     4 ||     4
Dodge: Dodged            |    65 |    15 ||    80
